[Event "*** SCC Grand Prix: Titled Tuesday Blitz"]
[Site "Chess.com"]
[Date "2020.09.29"]
[Round "6"]
[White "SergioGarciaFuentes"]
[Black "anon481216"]
[Result "1/2-1/2"]
[WhiteElo "2181"]
[BlackElo "2418"]
[TimeControl "180+1"]
[EndTime "11:05:29 PDT"]
[Termination "Game drawn by repetition"]

1. Nf3 c5 2. g3 Nc6 3. d4 cxd4 4. Nxd4 g6 5. Bg2 Bg7 6. Nxc6 bxc6 7. c4 Nf6 8. Nc3 Qc7 9. O-O O-O 10. Bf4 d6 11. c5 Rd8 12. cxd6 exd6 13. Nb5 Qb6 14. Nxd6 Qxb2 15. Bxc6 Rb8 16. Rb1 Qxb1 17. Qxb1 Rxb1 18.
Rxb1 Ba6 19. Bf3 g5 20. Be5 g4 21. Bc6 Bxe2 22. Rb7 a6 23. h4 gxh3 24. f3 Bf8 25.
Nxf7 Rd2 26. Bxf6 Bc5+ 27. Kh2 Bf1+ 28. Kh1 Bg2+ 29. Kh2 Bf1+ 30. Kh1 Bg2+ 31. Kh2 Bf1+ 1/2-1/2

[Event "*** SCC Grand Prix: Titled Tuesday Blitz"]
[Site "Chess.com"]
[Date "2020.09.29"]
[Round "6"]
[White "alexgo05"]
[Black "OsorioFernando"]
[Result "1-0"]
[WhiteElo "2420"]
[BlackElo "2300"]
[TimeControl "180+1"]
[EndTime "11:05:30 PDT"]
[Termination "alexgo05 won on time"]

1. e4 d5 2. exd5 Nf6 3. Nf3 Bg4 4. h3 Bxf3 5. Qxf3 Qxd5 6. Qxd5 Nxd5 7. c3 e5 8. g3 Nc6 9. d3 O-O-O 10. Nd2 f5 11. Be2 Bc5 12. O-O g5 13. Nc4 f4 14. g4 a5 15. a4 Rdg8 16. Bd2 h5 17. Kg2 hxg4 18.
hxg4 Nb6 19. Nxb6+ Bxb6 20. Rh1 Kd7 21. Bf3 Ne7 22. Be4 c6 23. Rxh8 Rxh8 24. b4 axb4 25. cxb4 Bd4 26. Rb1 Nd5 27. b5 Kd6 28. a5 Nf6 29.
Bf3 Kc7 30. a6 bxa6 31. bxc6 Bb6 32. Bc3 Re8 33. Re1 Kd6 34. Rb1 Bc7 35. Rb7 1-0

[Event "*** SCC Grand Prix: Titled Tuesday Blitz"]
[Site "Chess.com"]
[Date "2020.09.29"]
[Round "6"]
[White "Gusarov91"]
[Black "Alindsay211"]
[Result "1-0"]
[WhiteElo "2583"]
[BlackElo "2396"]
[TimeControl "180+1"]
[EndTime "11:05:31 PDT"]
[Termination "Gusarov91 won by resignation"]

1. d4 Nf6 2. Nf3 g6 3. c4 Bg7 4. g3 O-O 5. Bg2 d6 6. O-O Nc6 7. Nc3 a6 8. Re1 Rb8 9. e4 Bg4 10. Be3 e5 11. d5 Nd4 12. Bxd4 exd4 13. Qxd4 Nd7 14. Qd2 Re8 15. Nd4 Qf6 16. Nc2 Ne5 17.
Qd4 Bf3 18. Re3 Bxg2 19. Kxg2 Ng4 20. Qxf6 Nxe3+ 21. Nxe3 Bxf6 22. f3 b5 23. cxb5 axb5 24.
Rc1 Rb7 25. Ncd1 Bg5 26. f4 Bf6 27. Kf3 Ra8 28. a3 b4 29. axb4 Ra4 30. Nc2 Ra2 31.
Rb1 h5 32. Ke3 Ra8 33. Kd3 Rab8 34. Nc3 Kg7 35. Kc4 Rb6 36. b5 h4 37. Nd4 hxg3 38. hxg3 Rh8 39. Nf3 Rh3 40. e5 Be7 41. Rg1 Rb8 42.
Ne4 Rhh8 43. Re1 Ra8 44. b3 Ra2 45. Nd4 Rha8 46. Nc6 Bf8 47. exd6 cxd6 48. b6 Rc2+ 49. Kb5 1-0

[Event "*** SCC Grand Prix: Titled Tuesday Blitz"]
[Site "Chess.com"]
[Date "2020.09.29"]
[Round "6"]
[White "josorio78"]
[Black "Omk124"]
[Result "1-0"]
[WhiteElo "2333"]
[BlackElo "2422"]
[TimeControl "180+1"]
[EndTime "11:05:31 PDT"]
[Termination "josorio78 won by resignation"]

1. Nf3 Nf6 2. g3 g6 3. Bg2 Bg7 4. O-O O-O 5. d3 d5 6. Nbd2 c5 7. e4 dxe4 8. dxe4 Nc6 9. e5 Ng4 10. Re1 Ngxe5 11. Nxe5 Nxe5 12. Qe2 Bg4 13. f3 Be6 14. f4 Qd4+ 15. Kh1 Ng4 16. Ne4 Bc4 17. Qf3 f5 18. c3 Qd7 19. Nxc5 Qb5 20. Ne6 Rfd8 21.
Nxd8 Rxd8 22. h3 Bd5 23. Qf1 Qxf1+ 24. Rxf1 Nf6 25. Bxd5+ Rxd5 26. Be3 Ne4 27. Kg2 Rd3 28.
Rfe1 Rd5 29. Rad1 Rb5 30. Re2 Kf7 31. a3 Ke8 32. Bxa7 e5 33. fxe5 Bxe5 34. Bd4 Bxg3 35.
Rxe4+ fxe4 36. Kxg3 Rxb2 37. Re1 Rb3 38. Rxe4+ Kd7 39. a4 Ra3 40. Bg7 Rb3 41. Rb4 Ra3 42.
Rxb7+ Kc6 43. Rb4 Ra1 44. h4 Rg1+ 45. Kf4 Rf1+ 46. Kg5 Rf5+ 47. Kg4 Rf7 48. Bd4 Rf5 49.
Rb6+ Kc7 50. Rb5 Rf1 51. a5 Ra1 52. Kg5 Rh1 53. Bf6 Kc6 54. Rb6+ Kc5 55. Bd4+ Kc4 56. a6 Rg1+ 57. Kh6 Rg4 58. Kxh7 Rxh4+ 59. Kxg6 Rh8 60. a7 Rg8+ 61. Kf7 Rh8 62. Rb8 Rh7+ 63. Ke6 Rh6+ 64. Kf5 Rh5+ 65. Kg4 1-0

[Event "*** SCC Grand Prix: Titled Tuesday Blitz"]
[Site "Chess.com"]
[Date "2020.09.29"]
[Round "6"]
[White "AvitalBor"]
[Black "Beltraxtor"]
[Result "1-0"]
[WhiteElo "2779"]
[BlackElo "2587"]
[TimeControl "180+1"]
[EndTime "11:05:32 PDT"]
[Termination "AvitalBor won on time"]

1. c4 c6 2. e4 d5 3. exd5 cxd5 4. cxd5 Nf6 5. Nc3 Nxd5 6. Nf3 Nc6 7. Bb5 Nxc3 8. bxc3 g6 9. O-O Bg7 10. d4 O-O 11. Re1 Bd7 12. Bg5 Re8 13. Rb1 a6 14. Bc4 b5 15. Bd5 Qc7 16. Bh4 e6 17. Be4 Rac8 18.
Bg3 Qa5 19. Qd2 Qa3 20. Rb3 Qf8 21. h4 Na5 22. Rbb1 Qa3 23. Rbc1 Nc4 24. Qe2 Qb2 25. Rc2 Qa3 26. Bb7 Bc6 27. Bxc8 Rxc8 28. Ne5 Bd5 29. Nxc4 Rxc4 30. Qd2 Qa4 31. Be5 f6 32. Bg3 Kf7 33.
Rcc1 Rc6 34. Qf4 Bf8 35. Qb8 Qxa2 36. Qa7+ Be7 37. Re3 Qd2 38. Rce1 Qa2 39. Bc7 Ke8 40. Bb6 1-0

[Event "*** SCC Grand Prix: Titled Tuesday Blitz"]
[Site "Chess.com"]
[Date "2020.09.29"]
[Round "6"]
[White "Manukyan_Artak"]
[Black "Evachess2006"]
[Result "1-0"]
[WhiteElo "2384"]
[BlackElo "1633"]
[TimeControl "180+1"]
[EndTime "11:05:33 PDT"]
[Termination "Manukyan_Artak won on time"]

1. e4 e5 2. Nf3 Nc6 3. d4 exd4 4. Nxd4 Nf6 5. Nxc6 dxc6 6. e5 Qxd1+ 7. Kxd1 Ng4 8. Be3 Nxe5 9. Be2 Bd6 10. h3 O-O 11. Nd2 Be6 12. Ne4 Nc4 13. Bxc4 Bxc4 14. Nxd6 cxd6 15. b3 Be6 16. a4 d5 17. Kc1 Rfd8 18. Rd1 b6 19. a5 c5 20. c3 d4 21. cxd4 Bxb3 22. Rd3 c4 23. Rd2 b5 24. d5 a6 25. d6 Rd7 26. Bb6 Re8 27. Bc7 Re1+ 28. Kb2 c3+ 29.
Kxc3 Rxa1 30. Kxb3 Ra4 31. Re2 g6 32. f3 Rc4 33. Re7 Rdxc7 34. Rxc7 Rd4 35. Rc6 Kf8 36.
Rxa6 Ke8 37. Rb6 Kd7 38. a6 Ra4 39. g4 Ra5 40. Kb4 Ra4+ 41. Kxb5 Ra3 42. Rb7+ 1-0

[Event "*** SCC Grand Prix: Titled Tuesday Blitz"]
[Site "Chess.com"]
[Date "2020.09.29"]
[Round "6"]
[White "AttilaTurzo"]
[Black "Margarita2907"]
[Result "0-1"]
[WhiteElo "2416"]
[BlackElo "2197"]
[TimeControl "180+1"]
[EndTime "11:05:34 PDT"]
[Termination "Margarita2907 won on time"]

1. d4 d5 2. Bf4 e6 3. e3 Bd6 4. Bg3 Nf6 5. Nd2 O-O 6. Ngf3 c5 7. c3 Qc7 8. dxc5 Bxg3 9. hxg3 Qxc5 10. Bd3 Nbd7 11.
g4 g6 12. g5 Nh5 13. g4 Ng7 14. Qe2 Rd8 15. O-O-O e5 16. e4 d4 17. c4 b5 18.
Kb1 bxc4 19. Bxc4 Nf8 20. Ne1 Be6 21. Bxe6 Ngxe6 22. Nd3 Qb5 23. Nf3 Nd7 24. Qf1 Rab8 25. Qh3 Nef8 26. Rd2 Rdc8 27. Rhd1 a5 28. Qg3 Re8 29.
Rc1 a4 30. Nfe1 Rec8 31. Rcd1 Ne6 32. Nf3 a3 33. Nfxe5 Ndc5 34. Qf3 Rc7 35. Nxc5 Nxc5 36. b3 Na4 0-1

[Event "*** SCC Grand Prix: Titled Tuesday Blitz"]
[Site "Chess.com"]
[Date "2020.09.29"]
[Round "6"]
[White "parintele_chess"]
[Black "ljuks68"]
[Result "0-1"]
[WhiteElo "2136"]
[BlackElo "2351"]
[TimeControl "180+1"]
[EndTime "11:05:34 PDT"]
[Termination "ljuks68 won by resignation"]

1. d4 d5 2. c4 c6 3. Nc3 Nf6 4. e3 e6 5. Nf3 Nbd7 6. Bd3 dxc4 7. Bxc4 b5 8. Bd3 a6 9. e4 c5 10. d5 c4 11. Bc2 Bb7 12. O-O Qb6 13. dxe6 fxe6 14. e5 Nd5 15. Nxd5 Bxd5 16. Ng5 Nxe5 17. Qh5+ g6 18. Bxg6+ Nxg6 19. Nxh7 Rxh7 20. Qxh7 Ne7 21. Qh5+ Kd7 22. Be3 Qb7 23. Bf4 Nf5 24. f3 Bc5+ 25. Kh1 Rg8 26. Qf7+ Ne7 27. Rad1 Kc8 28. Rfe1 Qd7 29.
Be5 Re8 30. Bf6 b4 31. Bh4 c3 32. bxc3 bxc3 33. Bg3 Nf5 34. Bf4 Qxf7 0-1

[Event "*** SCC Grand Prix: Titled Tuesday Blitz"]
[Site "Chess.com"]
[Date "2020.09.29"]
[Round "6"]
[White "Leo_C"]
[Black "catzapto"]
[Result "1-0"]
[WhiteElo "2274"]
[BlackElo "2063"]
[TimeControl "180+1"]
[EndTime "11:05:34 PDT"]
[Termination "Leo_C won by resignation"]

1. f4 c5 2. Nf3 Nf6 3. b3 e6 4.
Bb2 d5 5. e3 Nc6 6. Bb5 Bd7 7.
O-O Rc8 8. a4 a6 9. Bxc6 Bxc6 10. Ne5 Bd6 11. d3 O-O 12. Nd2 Nd7 13. Nxc6 Rxc6 14. e4 dxe4 15. Nxe4 Be7 16. f5 Nf6 17. fxe6 Rxe6 18. Ng5 Rd6 19. Qf3 h6 20. Nh3 Nd5 21. Rae1 Bf6 22. Bxf6 Rxf6 23. Qg4 Rxf1+ 24. Kxf1 Nf6 25. Qf4 Re8 26. Rxe8+ Qxe8 27. Nf2 Nd5 28. Qd2 Ne3+ 29. Kg1 Qe5 30. Ne4 Qa1+ 31. Kf2 Ng4+ 32.
Kg3 f5 33. h3 Qe5+ 34. Qf4 Qxf4+ 35. Kxf4 fxe4 36. hxg4 exd3 37. cxd3 Kf7 38. Ke5 Ke7 39.
Kd5 b6 40. a5 bxa5 41. Kxc5 g6 42. Kb6 Kd6 43. Kxa5 g5 44. Kxa6 Ke5 45. b4 Kf4 46. b5 Kxg4 47. b6 Kg3 48. b7 Kxg2 49. b8=Q h5 50.
Qe5 g4 51. Qxh5 g3 52. Qg4 Kf2 53. d4 g2 54. d5 g1=Q 55. Qxg1+ Kxg1 56. d6 1-0

[Event "*** SCC Grand Prix: Titled Tuesday Blitz"]
[Site "Chess.com"]
[Date "2020.09.29"]
[Round "6"]
[White "MatyChess1"]
[Black "Morshynska"]
[Result "1-0"]
[WhiteElo "2489"]
[BlackElo "2199"]
[TimeControl "180+1"]
[EndTime "11:05:36 PDT"]
[Termination "MatyChess1 won on time"]

1. e4 e5 2. Nf3 Nc6 3. Bc4 Nf6 4. d3 Be7 5. O-O O-O 6. Re1 d6 7. a4 Be6 8. a5 a6 9. Nbd2 Qd7 10. c3 Rfe8 11.
Bxe6 fxe6 12. Nc4 Rf8 13. h3 Kh8 14. d4 exd4 15. cxd4 d5 16. Nce5 Nxe5 17. Nxe5 Qb5 18. exd5 Qxd5 19. Be3 c5 20. Qf3 Rad8 21. Rad1 c4 22. Rc1 Bb4 23. Red1 Rc8 24. Qe2 c3 25. bxc3 Bxc3 26. Qc2 Qxa5 27. Qb3 Nd5 28. Qxb7 Qb5 29. Qa7 Ra8 30. Qd7 Qxd7 31. Nxd7 Rfd8 32. Nc5 1-0

[Event "*** SCC Grand Prix: Titled Tuesday Blitz"]
[Site "Chess.com"]
[Date "2020.09.29"]
[Round "6"]
[White "mishanick"]
[Black "Aborigen_came"]
[Result "1-0"]
[WhiteElo "3003"]
[BlackElo "2740"]
[TimeControl "180+1"]
[EndTime "11:05:37 PDT"]
[Termination "mishanick won on time"]

1. d4 e6 2. c4 Bb4+ 3. Bd2 Bxd2+ 4. Qxd2 d6 5. Nc3 Ne7 6. g3 O-O 7. Bg2 e5 8. Rd1 exd4 9. Qxd4 Nbc6 10. Qd2 Rb8 11.
Nf3 a6 12. O-O b5 13. Nd4 Bb7 14. cxb5 Nxd4 15. Bxb7 axb5 16. Bg2 Ne6 17. Nd5 Nxd5 18. Qxd5 b4 19. Rd2 Qd7 20. Rc1 Qa4 21. Qc4 Nc5 22.
Bd5 Qb5 23. Qd4 Rfe8 24. e3 Re7 25. h4 h6 26. Qf4 Qe8 27. Rd4 Re5 28. Rcd1 g5 29.
hxg5 hxg5 30. Qf6 Nd7 31. Qg6+ Kf8 32. Qh6+ Ke7 33. f4 Rxe3 34. Qxg5+ Kf8 35. Qh6+ Kg8 36. f5 Re1+ 37. Rxe1 Qxe1+ 38. Kg2 Qe2+ 39. Kh3 Qf1+ 40. Bg2 Qxf5+ 41. Rg4+ Qxg4+ 42. Kxg4 Ne5+ 43. Kh3 Re8 44. Bd5 c6 45. Bb3 d5 46. Qd6 Re6 47. Qxb4 Rh6+ 48. Kg2 Rf6 49. Qb8+ 1-0

[Event "*** SCC Grand Prix: Titled Tuesday Blitz"]
[Site "Chess.com"]
[Date "2020.09.29"]
[Round "6"]
[White "Sychev_Klementy"]
[Black "SabKaD4ddy"]
[Result "1-0"]
[WhiteElo "2880"]
[BlackElo "2529"]
[TimeControl "180+1"]
[EndTime "11:05:37 PDT"]
[Termination "Sychev_Klementy won by resignation"]

1. e4 c5 2. Nf3 d6 3. d4 cxd4 4. Nxd4 Nf6 5. Nc3 a6 6. Rg1 e5 7. Nb3 Be7 8. g4 h6 9. h4 g6 10. g5 hxg5 11. hxg5 Nh5 12. Nd5 Be6 13. Be3 Nd7 14. Qd2 Rc8 15. O-O-O Bxd5 16. Qxd5 Qc7 17. c3 Nf4 18. Qd2 b5 19. Kb1 Ne6 20. Be2 Nb6 21. Rh1 Rxh1 22. Rxh1 Nc4 23. Bxc4 Qxc4 24. f3 Bf8 25. Qc2 b4 26. Bd2 Nd4 27. Nxd4 exd4 28. Qa4+ Ke7 29. Qxb4 Qd3+ 30. Kc1 dxc3 31. Bxc3 Qe3+ 32.
Kb1 Qxf3 33. Qb7+ Kd8 34. Ba5+ 1-0

[Event "*** SCC Grand Prix: Titled Tuesday Blitz"]
[Site "Chess.com"]
[Date "2020.09.29"]
[Round "6"]
[White "mapleaff"]
[Black "salomez"]
[Result "0-1"]
[WhiteElo "2363"]
[BlackElo "2252"]
[TimeControl "180+1"]
[EndTime "11:05:37 PDT"]
[Termination "salomez won by resignation"]

1. d4 Nf6 2. c4 g6 3. Nc3 d5 4.
Nf3 Bg7 5. h4 c5 6. dxc5 Qa5 7.
cxd5 O-O 8. Bd2 Qxc5 9. e4 e6 10. Rc1 Na6 11. Nb5 Qb6 12. Be3 Qa5+ 13. Qd2 Qxd2+ 14.
Nxd2 exd5 15. e5 Ng4 16. Nd6 Nxe3 17. fxe3 Bxe5 18. Bxa6 bxa6 19. Nxc8 Raxc8 20. Ke2 Bxb2 21. Rxc8 Rxc8 22. Rb1 Ba3 23. Rb7 Rc2 24. Kd3 Rxa2 25. Rxa7 Bc5 26. Ra8+ Kg7 27. e4 Ra3+ 28. Kc2 dxe4 29. Nxe4 Be7 30. h5 Ra2+ 31. Kd3 Rxg2 32. hxg6 Rxg6 33. Ra7 Re6 34. Ng3 Re3+ 35. Kxe3 Bc5+ 36.
Ke4 Bxa7 37. Nf5+ Kg6 38. Nd6 h5 0-1

[Event "*** SCC Grand Prix: Titled Tuesday Blitz"]
[Site "Chess.com"]
[Date "2020.09.29"]
[Round "6"]
[White "Sadykov_Ramil"]
[Black "aloe_normansen"]
[Result "0-1"]
[WhiteElo "2498"]
[BlackElo "2362"]
[TimeControl "180+1"]
[EndTime "11:05:38 PDT"]
[Termination "aloe_normansen won on time"]

1. e4 c5 2. Nf3 d6 3. d4 cxd4 4. Nxd4 Nf6 5. f3 a6 6. c4 g6 7. Nc3 Bg7 8. Be3 Nc6 9. Qd2 O-O 10. Be2 Nxd4 11. Bxd4 Bd7 12. O-O Bc6 13. Rfd1 Nd7 14.
Rac1 Bxd4+ 15. Qxd4 a5 16. b3 Nc5 17. e5 Qb6 18.
exd6 exd6 19. Kh1 Rad8 20. Bf1 Rfe8 21. Rb1 Qb4 22. Nd5 Bxd5 23. Qxd5 Re5 24. Qxe5 dxe5 25. Rxd8+ Kg7 26. Rd5 f6 27. Bd3 Ne6 28. Rd7+ Kh6 29.
Be4 b6 30. Bd5 Ng7 31. Rd1 Qc3 32. Rd6 Qc2 33. Rg1 Qf5 34. Be4 Qh5 35. g4 Qh3 0-1

[Event "*** SCC Grand Prix: Titled Tuesday Blitz"]
[Site "Chess.com"]
[Date "2020.09.29"]
[Round "6"]
[White "PowerThinking2650"]
[Black "MisiekZielony"]
[Result "0-1"]
[WhiteElo "2365"]
[BlackElo "2256"]
[TimeControl "180+1"]
[EndTime "11:05:38 PDT"]
[Termination "MisiekZielony won by resignation"]

1. e4 Nf6 2. e5 Nd5 3. d4 d6 4.
c4 Nb6 5. exd6 exd6 6. Nc3 Be7 7. Be3 O-O 8. Qf3 c6 9. O-O-O d5 10. c5 Nc4 11. Bxc4 dxc4 12. d5 Qa5 13. d6 Bd8 14.
Nge2 Nd7 15. Qh5 Nf6 16. Qf3 Bg4 17. Qf4 Bxe2 18. Nxe2 Qxa2 19. Nc3 Qb3 20. h4 b6 21. g4 bxc5 22. g5 Nd5 23. Nxd5 cxd5 24. Rxd5 c3 25. bxc3 Qxd5 26. Rg1 Ba5 27. h5 Bxc3 28. h6 g6 29. Rd1 Qb3 30. Rd2 Rab8 31. Qe4 Bxd2+ 32. Kxd2 Rfe8 33. Qf4 Qd5+ 34. Ke2 Qe5 35.
Qc4 Rbd8 36. Kf3 Qxd6 37. Bf4 Qd5+ 38. Qxd5 Rxd5 39. Kg4 c4 40. f3 c3 41. Bc1 c2 42.
Ba3 Re3 43. Bc1 Re1 44. Ba3 c1=Q 0-1

[Event "*** SCC Grand Prix: Titled Tuesday Blitz"]
[Site "Chess.com"]
[Date "2020.09.29"]
[Round "6"]
[White "Sacbutt"]
[Black "FearNoEvil12"]
[Result "1-0"]
[WhiteElo "2279"]
[BlackElo "2068"]
[TimeControl "180+1"]
[EndTime "11:05:39 PDT"]
[Termination "Sacbutt won by checkmate"]

1. e4 a6 2. d4 b5 3. Nf3 Bb7 4. Bd3 e6 5. O-O Nf6 6. Bg5 h6 7. Bxf6 gxf6 8. Nbd2 d6 9. a4 b4 10. c4 Nd7 11. b3 Rg8 12. Qe2 h5 13. Rad1 Bh6 14. d5 Ke7 15. Nh4 Rh8 16. Bc2 Qg8 17. f4 Qg4 18. Qf2 Rag8 19. Rde1 Rg7 20. Kh1 Rhg8 21.
Bd1 Qxf4 22. Qxf4 Bxf4 23. Rxf4 Ne5 24. Re3 f5 25. exf5 Rg5 26. fxe6 fxe6 27. Ne4 R5g7 28. dxe6 Kxe6 29. Bxh5 Rh7 30. Nf6 Rf8 31. Bg4+ Ke7 32.
Ng6+ Kd8 33. Nxf8 Rg7 34. Ne6+ Ke7 35. Nxg7 Kf7 36. Nfh5+ Kg6 37. Bf3 Bc8 38. Be4+ Kh6 39. Bf5 Kg5 40. Bxc8 Ng4 41. Rxg4+ Kh6 42. Re6+ Kh7 43.
Nf5 d5 44. Rg7+ Kh8 45. Re8# 1-0

[Event "*** SCC Grand Prix: Titled Tuesday Blitz"]
[Site "Chess.com"]
[Date "2020.09.29"]
[Round "6"]
[White "brunomorado"]
[Black "katchesskat"]
[Result "1-0"]
[WhiteElo "2388"]
[BlackElo "2259"]
[TimeControl "180+1"]
[EndTime "11:05:40 PDT"]
[Termination "brunomorado won by checkmate"]

1. d4 c5 2. Nc3 cxd4 3. Qxd4 Nc6 4.
Qa4 Nf6 5. Bg5 e6 6. Nf3 Be7 7.
O-O-O a6 8. h4 Qc7 9. e3 Rb8 10.
Bf4 d6 11. Ne4 e5 12. Nxf6+ gxf6 13. Bg3 b5 14. Qe4 f5 15. Qd5 Be6 16. Qd2 Bxa2 17. b3 b4 18. Qd5 Rb5 19. Bxb5 axb5 20. Qxb5 O-O 21. Kb2 Ra8 22. Ra1 Qa7 23. Kc1 Qa3+ 24.
Kd2 Na5 25. Nxe5 dxe5 26. Qxe5 Nxb3+ 27. cxb3 Qxb3 28. Qxe7 Qb2+ 29. Kd3 Qc3+ 30. Ke2 Qc2+ 31. Kf3 Bd5+ 32. Kf4 Qe4+ 33. Qxe4 Bxe4 34. Rxa8+ Bxa8 35. Rb1 Bxg2 36. Rxb4 Bh3 37. Kg5 Kg7 38. Be5+ Kf8 39. Bf6 Ke8 40. Rd4 h6+ 41. Kxh6 f4 42. Rd8# 1-0

[Event "*** SCC Grand Prix: Titled Tuesday Blitz"]
[Site "Chess.com"]
[Date "2020.09.29"]
[Round "6"]
[White "KacperPolOK"]
[Black "kai_nov"]
[Result "1-0"]
[WhiteElo "2387"]
[BlackElo "2256"]
[TimeControl "180+1"]
[EndTime "11:05:41 PDT"]
[Termination "KacperPolOK won by checkmate"]

1. e4 c5 2. Nc3 Nc6 3. Bb5 e6 4.
Bxc6 bxc6 5. d3 Ne7 6. f4 d5 7. e5 Nf5 8. Nf3 Be7 9. O-O h5 10. Na4 Ba6 11. b3 c4 12. Qe2 cxd3 13. cxd3 O-O 14.
Be3 d4 15. Bd2 c5 16. Nb2 Qd5 17. Rac1 Rac8 18. Nc4 g6 19. Ng5 Bxg5 20. fxg5 Rfd8 21. Rf4 Ne3 22. Qf2 Rc7 23. Re1 Bxc4 24. dxc4 Qxe5 25. Bxe3 dxe3 26. Qf3 Qxg5 27. h4 Qe5 28. Rxe3 Qa1+ 29. Kh2 Rcd7 30. Rf6 Qd1 31. Qg3 Qc2 32. Re5 Rd3 33.
Qg5 R3d4 34. Rexe6 Rg4 35. Rxg6+ fxg6 36. Qxd8+ Kg7 37.
Re7+ Kf6 38. Qf8# 1-0

[Event "*** SCC Grand Prix: Titled Tuesday Blitz"]
[Site "Chess.com"]
[Date "2020.09.29"]
[Round "6"]
[White "dopolian"]
[Black "ZenBull"]
[Result "1-0"]
[WhiteElo "2429"]
[BlackElo "2177"]
[TimeControl "180+1"]
[EndTime "11:05:41 PDT"]
[Termination "dopolian won on time"]

1. Nf3 Nf6 2. d4 e6 3. c4 d5 4.
Nc3 Bb4 5. cxd5 exd5 6. Bg5 h6 7. Bxf6 Qxf6 8. e3 O-O 9. a3 Bxc3+ 10. bxc3 c5 11.
Bd3 Bg4 12. h3 Bxf3 13. Qxf3 Qxf3 14. gxf3 c4 15. Bc2 Nc6 16. e4 Rfe8 17. Kd2 Ne7 18.
Rab1 b6 19. a4 Rad8 20. a5 Rd6 21. Rb5 Red8 22. Rhb1 bxa5 23. Rxa5 Nc6 24. Rc5 Ne7 25. Rb7 R8d7 26. Rcc7 Rxc7 27. Rxc7 Kf8 28. Rxa7 g6 29.
Ra8+ Kg7 30. Re8 Rd7 31. h4 h5 32. e5 Nc6 33. Ba4 Rc7 34. Bxc6 Rxc6 35. Rd8 f6 36. f4 fxe5 37. fxe5 g5 38. Rd7+ Kg8 39. hxg5 h4 40. Rd6 Rc7 41. Rh6 Rh7 42. Rxh7 Kxh7 43. e6 1-0

[Event "*** SCC Grand Prix: Titled Tuesday Blitz"]
[Site "Chess.com"]
[Date "2020.09.29"]
[Round "6"]
[White "ChronicUnhappiness"]
[Black "lacafi"]
[Result "1-0"]
[WhiteElo "2294"]
[BlackElo "2101"]
[TimeControl "180+1"]
[EndTime "11:05:41 PDT"]
[Termination "ChronicUnhappiness won on time"]

1. d4 f5 2. Nf3 Nf6 3. g3 g6 4. Bg2 Bg7 5. O-O O-O 6. b3 d6 7. Bb2 c6 8. Nbd2 Qe8 9. Re1 Ne4 10. e3 Nd7 11. c4 Ndf6 12. Qc2 Kh8 13. Nxe4 Nxe4 14.
Nd2 Ng5 15. h4 Nf7 16. e4 f4 17. e5 dxe5 18. dxe5 Nh6 19. Ne4 Bf5 20. Qe2 fxg3 21. fxg3 Bg4 22. Qc2 Bf5 23. Qc1 Ng4 24. e6 Qd8 25.
Ng5 Qc7 26. Bxg7+ Kxg7 27. Qc3+ Kg8 28. Nf7 Bxe6 29. Qh8+ Kxf7 30. Qxh7+ Ke8 31. Qxg6+ Kd8 32. Qxe6 Qb6+ 33. Kh1 Nf2+ 34. Kh2 Re8 35. Re2 1-0

[Event "*** SCC Grand Prix: Titled Tuesday Blitz"]
[Site "Chess.com"]
[Date "2020.09.29"]
[Round "6"]
[White "GMJustin"]
[Black "WiktoriaPOL"]
[Result "1-0"]
[WhiteElo "2267"]
[BlackElo "2039"]
[TimeControl "180+1"]
[EndTime "11:05:41 PDT"]
[Termination "GMJustin won on time"]

1. d4 Nf6 2. c4 g6 3. Nc3 Bg7 4. e4 d6 5. Be2 O-O 6. Nf3 e5 7.
O-O Nc6 8. d5 Ne7 9. h3 Ne8 10.
Bg5 h6 11. Bxe7 Qxe7 12. b4 f5 13. Rc1 f4 14. Nd2 Nf6 15. c5 g5 16. Nb5 dxc5 17. bxc5 a6 18. d6 cxd6 19. cxd6 Qd7 20. Nc7 Rb8 21. Nc4 Ne8 22. Nxe8 Qxe8 23. Nb6 Bd7 24. Nxd7 Qxd7 25. Rc7 Qd8 26. Qd5+ Kh8 27. Rfc1 Rf6 28. d7 Rc6 29. R1xc6 bxc6 30. Qxc6 Rb1+ 31. Kh2 g4 32. Rc8 g3+ 33. fxg3 fxg3+ 34. Kxg3 1-0

[Event "*** SCC Grand Prix: Titled Tuesday Blitz"]
[Site "Chess.com"]
[Date "2020.09.29"]
[Round "6"]
[White "juancruzarias"]
[Black "Jumbo"]
[Result "0-1"]
[WhiteElo "2507"]
[BlackElo "2704"]
[TimeControl "180+1"]
[EndTime "11:05:44 PDT"]
[Termination "Jumbo won by resignation"]

1. e4 e5 2. Nc3 Nf6 3. Nf3 Nc6 4. d4 exd4 5. Nxd4 Bb4 6. Nxc6 bxc6 7. Bd3 d6 8. O-O Bxc3 9. bxc3 Nd7 10. Be3 O-O 11.
f4 Re8 12. Qf3 a5 13. e5 Ba6 14. Qxc6 Bxd3 15. cxd3 dxe5 16. f5 Nf6 17. Rad1 Qd5 18. Qa4 Reb8 19. Rd2 h6 20. h3 Rb7 21. Qh4 Qc6 22. c4 Re8 23. Kh2 a4 24. Rf3 a3 25.
Rg3 Kh7 26. Rf2 Rg8 27. Rff3 Rb2 28. c5 e4 29. dxe4 Nxe4 30. Rg4 Nf6 31. Rgf4 Rxa2 32. Rg3 Re2 33. Ra4 a2 34. Ra5 Ne4 35. Rf3 Ng5 36.
Rg3 Nf3+ 37. Rxf3 Qxf3 38. Qg4 Qxe3 0-1

[Event "*** SCC Grand Prix: Titled Tuesday Blitz"]
[Site "Chess.com"]
[Date "2020.09.29"]
[Round "6"]
[White "Ze-Pequeno"]
[Black "isainz"]
[Result "1-0"]
[WhiteElo "2252"]
[BlackElo "2020"]
[TimeControl "180+1"]
[EndTime "11:05:44 PDT"]
[Termination "Ze-Pequeno won on time"]

1. e4 c5 2. Nf3 Nc6 3. d4 cxd4 4. Nxd4 Nf6 5. Nc3 e5 6. Ndb5 d6 7. Bg5 a6 8. Na3 b5 9. Bxf6 gxf6 10. Nd5 f5 11. c3 Bg7 12. exf5 Bxf5 13. Nc2 Be6 14. Nce3 Ne7 15. Qf3 Nxd5 16. Nxd5 O-O 17. Rd1 f5 18. g3 Rc8 19. Bg2 Rc5 20. Qe2 e4 21.
Nf4 Bxa2 22. Qd2 Rc6 23. O-O Bb3 24. Ra1 d5 25. Ra3 Bc4 26. Rfa1 b4 27. cxb4 d4 28. b3 Bb5 29. Rc1 Rxc1+ 30. Qxc1 Qc8 31. Qd1 d3 32. Ra2 Qc6 33. Bh3 Bd4 34. Ng2 Qd5 35. Ne3 Qd6 36.
Nxf5 Rxf5 37. Bxf5 e3 38. Qg4+ Kh8 39. fxe3 Bxe3+ 40. Kg2 Bc6+ 41. Kh3 Qh6+ 42. Qh4 Qxh4+ 43. Kxh4 d2 44. Bg4 Bd5 45. Rxa6 Bxb3 46. Rd6 Bh6 47.
b5 1-0

[Event "*** SCC Grand Prix: Titled Tuesday Blitz"]
[Site "Chess.com"]
[Date "2020.09.29"]
[Round "6"]
[White "Bigfish1995"]
[Black "anon219"]
[Result "1-0"]
[WhiteElo "3104"]
[BlackElo "2748"]
[TimeControl "180+1"]
[EndTime "11:05:45 PDT"]
[Termination "Bigfish1995 won by checkmate"]

1. d4 Nf6 2. c4 e6 3. Nf3 d5 4.
Nc3 Bb4 5. Bg5 dxc4 6. a3 Bxc3+ 7.
bxc3 b5 8. Qb1 a6 9. a4 c6 10. e4 h6 11. Bh4 Nbd7 12. Be2 Bb7 13. O-O Qc8 14. Nd2 e5 15. dxe5 Nxe5 16. f4 Ng6 17.
e5 Nxh4 18. exf6 gxf6 19. Ne4 Qd8 20. g3 f5 21. Rd1 Qb6+ 22. Nf2 Rg8 23. Kf1 Ng6 24.
Bxc4 Qc5 25. Rd4 Kf8 26. Qb3 Rg7 27. Re1 Kg8 28. Nd3 Qf8 29. Nf2 c5 30. Rd2 Bc6 31. axb5 axb5 32. Bxb5 Rb8 33. c4 Bxb5 34. cxb5 Qc8 35.
Qc4 Nf8 36. Re5 Ne6 37. Rxf5 Qb7 38. Ne4 Qxb5 39. Nf6+ Kf8 40. Qxb5 Rxb5 41. Rd7 Rb1+ 42. Kg2 Rg6 43. Nh7+ Ke8 44. Rfxf7 Rb2+ 45. Kh3 Nd4 46. Rfe7# 1-0

[Event "*** SCC Grand Prix: Titled Tuesday Blitz"]
[Site "Chess.com"]
[Date "2020.09.29"]
[Round "6"]
[White "parnali1611"]
[Black "MarceloPlaya"]
[Result "0-1"]
[WhiteElo "2098"]
[BlackElo "2290"]
[TimeControl "180+1"]
[EndTime "11:05:45 PDT"]
[Termination "MarceloPlaya won on time"]

1. d4 e6 2. c4 Nf6 3. g3 Bb4+ 4. Bd2 Bxd2+ 5. Nxd2 O-O 6. Bg2 d6 7. Qc2 e5 8. dxe5 dxe5 9. O-O-O Qe7 10. h4 Nc6 11. Ngf3 e4 12. Ng5 Nd4 13. Qa4 Nxe2+ 14. Kb1 e3 15.
fxe3 Nxg3 16. Rhe1 Bg4 17. Ndf3 h6 18. Ka1 hxg5 19.
hxg5 Nfe4 20. Rd4 Bxf3 21. Bxf3 Nxg5 22. Bxb7 Rad8 23. Rg4 Nf5 24. Rh1 Qxe3 25. Bd5 Ne6 26. Qc2 Nh6 27. Re4 Qg3 28. Qe2 Ng5 29. Reh4 Rde8 30. Qd2 Qe3 31. Qc2 Qe1+ 32. Qb1 Qxb1+ 33. Kxb1 Re5 34. Rh5 Kh7 35. Kc2 Kg6 36. R5h2 f5 37. Rd2 f4 38. Rg1 f3 0-1